 Dungeon Sprint DCSS version 0.19.3-4-gbf9329e (webtiles) character file.

1605 Kagutsuchi the Carver (level 8, -4/124 HPs)
             Began as a Green Draconian Berserker on Jan 27, 2017.
             Was a High Priest of Trog.
             Slain by a yaktaur (11 damage)
             ... in the Dungeon (Sprint II: "The Violet Keep of Menkaure").
             The game lasted 00:04:23 (976 turns).

Kagutsuchi the Carver (Green Draconian Berserker)    Turns: 976, Time: 00:04:24

Health: -4/124     AC:  6    Str: 29    XL:     8   Next: 63%
Magic:  8/8        EV: 17    Int: 10    God:    Trog [*****.]
Gold:   91         SH:  6    Dex: 12    Spells: 0 memorised, 7 levels left

rFire  . . .     SeeInvis .     b - +9 scimitar of Xealajie {speed, Str+4 Int+2}
rCold  . . .     Gourm    .     (armour unavailable)
rNeg   . . .     Faith    .     (no shield)
rPois  +         Spirit   .     (helmet restricted)
rElec  .         Reflect  +     (no cloak)
rCorr  .         Harm     .     (no gloves)
MR     .....     NoTele   +     (no boots)
Stlth  ..........               n - +6 amulet of reflection
                                (no ring)
                                (no ring)

@: berserking (expiring), very quick
A: breathe noxious fumes, unfitting armour, poison resistance, cold-blooded, AC
+6
a: Breathe Noxious Fumes, Berserk, Trog's Hand, Brothers in Arms, Burn
Spellbooks, Renounce Religion


You were in the Dungeon.
You worshipped Trog.
Trog was extremely pleased with you.
You were not hungry.

You visited 1 branch You collected 729 gold pieces.
You spent 638 gold pieces at shops.

Inventory:

Hand Weapons
 a - a +0 falchion
 b - the +9 scimitar of Xealajie (weapon) {speed, Str+4 Int+2}
   (You bought it in a shop in the Dungeon)

   Attacks with this weapon are significantly faster.
   It affects your strength (+4).
   It affects your intelligence (+2).
 c - a +0 trident
Jewellery
 n - a +6 amulet of reflection (around neck)
Scrolls
 h - a scroll of blinking
Potions
 d - 2 potions of heal wounds
 e - a potion of haste
 f - 2 potions of magic
 g - a potion of berserk rage
 m - 3 potions of curing
Comestibles
 i - a beef jerky
 j - a royal jelly
 k - a bread ration
 l - a meat ration


   Skills:
 + Level 12.0 Fighting
 + Level 12.6 Long Blades
 + Level 9.6 Dodging
 + Level 2.3 Stealth


You had 7 spell levels left.
You didn't know any spells.

Dungeon Overview and Level Annotations

Branches:
Dungeon (1/1)

Altars:
Cheibriados
Dithmenos
Elyvilon
Fedhas
Gozag
Kikubaaqudgha
Makhleb
Nemelex Xobeh
Okawaru
Ru
Sif Muna
Trog
Uskayaw
Vehumet
Yredelemnul
Zin
The Shining One
Beogh
Jiyva
Lugonu

Shops:
D (=:}![[:!(?%=%[:

Annotations:
D exclusion: oklob plant


Innate Abilities, Weirdness & Mutations

You can breathe blasts of noxious fumes.
Your lurid green scales are hard. (AC +6)
You cannot fit into any form of body armour.
Your system is resistant to poisons. (rPois)
You are cold-blooded and may be slowed by cold attacks.


Message History

The hornet stings you.
Your unstable footing causes you to fumble your attack.
Your unstable footing causes you to fumble your attack.
The hornet stings you!
* * * LOW HITPOINT WARNING * * *
The polar bear bites you!
* * * LOW HITPOINT WARNING * * *
The polar bear completely misses you. You block the polar bear's attack.
You slash the polar bear!
Your tail-slap misses the polar bear.
The polar bear is severely wounded.
You slash the polar bear! You tail-slap the polar bear.
You feel the power of Trog in you as your rage grows.
You kill the polar bear!
Trog accepts your kill.
Your Fighting skill increases to level 12!
The hornet barely misses you. The hornet stings you!
* * * LOW HITPOINT WARNING * * *
The yaktaur hits you!
You die...

##+## #.#.## .### ..#..#
...# #.#.#### #..#
##'###.##..# +..# #
##.##...#..# #..# .#
'.<.'.#.'..### ..##.# (
##.##...#....###y..##▓▓▓
#'###.##....§§†@c≈≈≈≈≈≈
#.#.####≈§.§§..≈#+######
.. ..#≈≈≈§≈§§..§#_._._..
## ###≈≈≈≈≈§§≈.≈#._._._.
##+##≈≈≈§§§≈§§≈≈#_._._._
≈≈≈≈≈≈≈≈≈≈§§≈§≈≈#._._._.
++#+++#≈§≈§≈≈§≈≈#.._._._
≈;;;§ ##§≈§###≈≈#..._._
≈§;;≈§≈##≈§# #≈≈#...._.


You could see a yaktaur and a hornet.

Vanquished Creatures
  A siren (D)
  3 polar bears (D)
  2 tyrant leeches (D)
  Menkaure (D)
  A crocodile (D)
  4 worker ants (D)
  A hell rat (D)
  3 worms (D)
16 creatures vanquished.

Vanquished Creatures (others)
  A crocodile (D)
1 creature vanquished.

Grand Total: 17 creatures vanquished

Notes
Turn   | Place    | Note
-------+----------+-------------------------------------------
     0 | D        | Kagutsuchi the Draconian Berserker began the quest for the Orb.
     0 | D        | Reached XP level 1. HP: 19/19 MP: 1/1
     5 | D        | Noticed a siren
    13 | D        | Killed a siren
    13 | D        | Reached XP level 2. HP: 7/37 MP: 2/2
    13 | D        | Reached XP level 3. HP: 8/42 MP: 3/3
    13 | D        | Reached XP level 4. HP: 10/50 MP: 4/4
    13 | D        | Reached XP level 5. HP: 11/57 MP: 5/5
    13 | D        | Reached XP level 6. HP: 12/63 MP: 6/6
    48 | D        | Noticed Menkaure
    51 | D        | Killed Menkaure
    51 | D        | Reached ** piety under Trog
   312 | D        | Noticed a tyrant leech
   312 | D        | Noticed a tyrant leech
   326 | D        | Reached *** piety under Trog
   576 | D        | Killed a tyrant leech
   576 | D        | Reached **** piety under Trog
   576 | D        | Reached skill level 10 in Fighting
   576 | D        | Reached skill level 10 in Long Blades
   576 | D        | Reached skill level 1 in Stealth
   576 | D        | Your scales start taking on a lurid green colour.
   576 | D        | Reached XP level 7. HP: 55/73 MP: 7/7
   576 | D        | Gained mutation: Your system is resistant to poisons. (rPois) [Green Draconian growth]
   584 | D        | Killed a tyrant leech
   858 | D        | Found Kyuzumeu's Food Shop.
   858 | D        | Found Zyuwoch's Distillery.
   858 | D        | Found Zupit's Food Shop.
   858 | D        | Found Gownoehasa's Antique Weapon Boutique.
   858 | D        | Found Xela's Book Shop.
   858 | D        | Found Sihum's Magic Scroll Boutique.
   858 | D        | Found Luufupor's Book Shop.
   858 | D        | Found Lowogh's Jewellery Boutique.
   858 | D        | Found Qithrot's Antique Armour Boutique.
   859 | D        | Found Teluajut's Armour Shop.
   859 | D        | Found Isiv's Antique Armour Boutique.
   873 | D        | Found Eqoogykenn's Distillery.
   873 | D        | Found Withrata's Gadget Shop.
   873 | D        | Noticed an oklob plant
   874 | D        | Found Penlupell's Jewellery Shop.
   874 | D        | Found Ziegui's Book Shoppe.
   874 | D        | Found Neclyppuy's Weapon Boutique.
   876 | D        | Noticed a hippogriff
   877 | D        | Noticed a hippogriff
   877 | D        | Noticed a hippogriff
   887 | D        | Noticed a slime creature
   889 | D        | Bought an encrusted scimitar for 216 gold pieces
   889 | D        | Identified the +9 scimitar of Xealajie {speed, Str+4 Int+2} (You bought it in a shop in the Dungeon)
   896 | D        | Bought a beef jerky for 18 gold pieces
   896 | D        | Bought a royal jelly for 24 gold pieces
   896 | D        | Bought a bread ration for 60 gold pieces
   896 | D        | Bought a meat ration for 60 gold pieces
   898 | D        | Bought 2 potions of curing for 78 gold pieces
   898 | D        | Bought a potion of heal wounds for 65 gold pieces
   898 | D        | Bought a potion of curing for 39 gold pieces
   898 | D        | Bought a potion of curing for 39 gold pieces
   898 | D        | Bought a potion of curing for 39 gold pieces
   947 | D        | Found an opulent altar of Gozag.
   947 | D        | Found an iron altar of Okawaru.
   948 | D        | Found a sparkling altar of Nemelex Xobeh.
   948 | D        | Found a blossoming altar of Fedhas.
   949 | D        | Found a burning altar of Makhleb.
   949 | D        | Found a radiant altar of Vehumet.
   949 | D        | Found a white marble altar of Elyvilon.
   950 | D        | Found a hide-covered altar of Uskayaw.
   950 | D        | Found a corrupted altar of Lugonu.
   950 | D        | Found a shadowy altar of Dithmenos.
   951 | D        | Found a bloodstained altar of Trog.
   951 | D        | Found a glowing golden altar of the Shining One.
   951 | D        | Found an ancient bone altar of Kikubaaqudgha.
   951 | D        | Found a snail-covered altar of Cheibriados.
   951 | D        | Noticed a polar bear
   952 | D        | Found a glowing silver altar of Zin.
   952 | D        | Found a deep blue altar of Sif Muna.
   952 | D        | Found a viscous altar of Jiyva.
   952 | D        | Found a roughly hewn altar of Beogh.
   953 | D        | Noticed a polar bear
   955 | D        | Noticed a polar bear
   957 | D        | Noticed a hornet
   963 | D        | Killed a polar bear
   963 | D        | Reached ***** piety under Trog
   963 | D        | Reached XP level 8. HP: 61/82 MP: 8/8
   967 | D        | Noticed a yaktaur
   967 | D        | Killed a polar bear
   975 | D        | Killed a polar bear
   976 | D        | Found a basalt altar of Yredelemnul.
   976 | D        | Found a sacrificial altar of Ru.
   976 | D        | Slain by a yaktaur

Skill      XL: |  1  2  3  4  5  6  7  8 |
---------------+-------------------------+-----
Fighting       | 9 10 11 12 | 12.0
Long Blades    | 8 10 11 12 | 12.6
Dodging        | 7 8 9 |  9.6
Stealth        | 1 2 |  2.3

Action                   |  1- 3 |  4- 6 |  7- 9 || total
-------------------------+-------+-------+-------++-------
Melee: Falchion          |     6 |    48 |    18 ||    72
       Tailslap          |     1 |     7 |    11 ||    19
       Scimitar          |       |       |    28 ||    28
Invok: Berserk           |     1 |     2 |     1 ||     4
  Use: Potion            |       |     1 |     2 ||     3
  Eat: Bread ration      |       |     1 |       ||     1
Armor: Skin              |       |     4 |     8 ||    12
Dodge: Dodged            |     3 |    14 |    32 ||    49
Block: Other             |       |       |     6 ||     6
       Rpst.: Falchion   |     1 |     4 |       ||     5
       Scimitar          |       |       |     5 ||     5
